 Dungeon Crawl Stone Soup version 0.20.0-8-g6b59dc7 (console) character file.

5131 rubinko the Fighter (level 10, -1/86 HPs)
             Began as a Mummy Arcane Marksman on June 2, 2017.
             Was an Initiate of Gozag.
             Slain by a wyvern (13 damage)
             ... on level 8 of the Dungeon.
             The game lasted 00:48:52 (14825 turns).

rubinko the Fighter (Mummy Arcane Marksman)        Turns: 14825, Time: 00:48:53

Health: -1/86      AC:  4    Str: 14    XL:     10   Next: 33%
Magic:  15/15      EV: 12    Int: 14    God:    Gozag
Gold:   365        SH:  5    Dex: 14    Spells: 13/16 levels left

rFire    x . .     SeeInvis .   a - +2 dagger (venom)
rCold    + . .     Gourm    .   y - +0 buckler
rNeg     + + +     Faith    .   r - +0 leather armour {MR+}
rPois    ∞         Spirit   .   (no helmet)
rElec    .         Reflect  .   (no cloak)
rCorr    .         Harm     .   (no gloves)
MR       ++...                  v - +0 pair of boots (curse)
Stlth    +.........             (no amulet)
Regen    0.3/turn               (no ring)
MPRegen  0.2/turn               (no ring)

@: no status effects
A: no food or potions, fire vulnerability, cold resistance 1, negative energy
resistance 3, torment resistance, unbreathing
a: Potion Petition, Call Merchant, Bribe Branch, Renounce Religion


You were on level 8 of the Dungeon.
You worshipped Gozag.
Gozag was aware of your devotion.
You were not hungry.

You visited 2 branches of the dungeon, and saw 9 of its levels.

You collected 489 gold pieces.
You paid 124 gold pieces to Gozag.

Inventory:

Hand Weapons
 a - a +2 dagger of venom (weapon)
 b - a +0 blowgun
 c - a +1 dagger of electrocution
 u - a +0 morningstar
 B - a +0 quarterstaff
Missiles
 d - 2 throwing nets
 e - 360 stones (quivered)
 f - 41 poisoned needles
 l - 126 arrows
 t - 4 tomahawks
 E - 5 javelins
Armour
 q - a +0 ring mail
 r - a +0 leather armour of magic resistance (worn)
 s - a +2 robe of positive energy
 v - a cursed +0 pair of boots (worn)
 x - a +2 scale mail of magic resistance
 y - a +0 buckler (worn)
 D - a +2 ring mail of fire resistance
 F - a +0 ring mail of fire resistance
Jewellery
 i - an uncursed amulet of regeneration {unknown}
 C - an uncursed amulet of the gourmand {unknown}
 G - an uncursed amulet of faith {unknown}
 J - an uncursed ring of flight {unknown}
Wands
 g - a wand of disintegration (0/24)
 j - a wand of polymorph (3/24)
Scrolls
 h - 4 scrolls of enchant armour
 k - 2 scrolls of identify
 n - a scroll of blinking
 o - a scroll of amnesia
 p - a scroll of teleportation
 w - a scroll of recharging
 A - a scroll of fog
 H - a scroll of acquirement
Books
 m - a book of Debilitation

   Spells                             Type                      Level
   a - Corona                         Hexes                        1
   b - Slow                           Hexes                        2
   c - Inner Flame                    Hexes/Fire                   3
   d - Portal Projectile              Hexes/Translocation          3
   e - Cause Fear                     Hexes                        4
   f - Leda's Liquefaction            Hexes/Earth                  4
 z - a book of Changes

   Spells                             Type                      Level
   a - Beastly Appendage              Transmutation                1
   b - Sticks to Snakes               Transmutation                2
   c - Spider Form                    Transmutation/Poison         3
   d - Ice Form                       Ice/Transmutation            4
   e - Blade Hands                    Transmutation                5
 I - a book of Frost

   Spells                             Type                      Level
   a - Freeze                         Ice                          1
   b - Throw Frost                    Conjuration/Ice              2
   c - Ozocubu's Armour               Charms/Ice                   3
   d - Throw Icicle                   Conjuration/Ice              4
   e - Summon Ice Beast               Ice/Summoning                4


   Skills:
 - Level 10.4 Fighting
 - Level 0.8 Maces & Flails
 + Level 7.6 Throwing
 - Level 1.7 Dodging
 - Level 4.4 Shields
 - Level 3.7 Spellcasting
 - Level 3.3 Hexes


You had 13 spell levels left.
You knew the following spells:

 Your Spells              Type           Power        Failure   Level  Hunger
a - Corona                Hex            ##.....      6%          1    N/A
b - Slow                  Hex            ##......     10%         2    N/A

Dungeon Overview and Level Annotations

Branches:
Dungeon (8/15)             Temple (1/1) D:4
   Lair: D:8-11

Altars:
Ashenzari
Cheibriados
Dithmenos
Elyvilon
Gozag
Hepliaklqana
Kikubaaqudgha
Makhleb
Nemelex Xobeh
Okawaru
Qazlal
Ru
Sif Muna
Trog
Uskayaw
Vehumet
Xom
Yredelemnul
Zin


Innate Abilities, Weirdness & Mutations

You do not eat or drink.
Your flesh is vulnerable to fire.
You are immune to poison.
Your flesh is cold resistant. (rC+)
You are immune to negative energy. (rN+++)
You are immune to unholy pain and torment.
You can survive without breathing.


Message History

The crimson imp blinks!
The wyvern bites you!
The crimson imp sputters.
The crimson imp blinks!
The wyvern bites you! The wyvern bites you!
* * * LOW HITPOINT WARNING * * *
Evoke which item? (* to show all) (? for menu, Esc to quit)
Aiming: Disintegrate (will waste charges)
Press: ? - help, Shift-Dir - straight line, f/p - wyvern
Aim: a wyvern (severely wounded, poisoned, chance to defeat MR: 65%) Nothing appears to happen.
The wyvern closely misses you. The wyvern bites you.
* * * LOW HITPOINT WARNING * * *
You closely miss the wyvern.
The wyvern is severely wounded.
The wyvern bites you.
* * * LOW HITPOINT WARNING * * *
The wyvern bites you.
* * * LOW HITPOINT WARNING * * *
The wyvern bites you!
You die...
Your body crumbles into a pile of gold.

#.####..#.#
#...)...#.#
###.......#.#
#.+....%<.#.#
#.#.........######
#.#.......§......#
##.######!........#
#.....%.##..>.....#
#[...@..##........#
#..#'#lz##....(...#
#..'_'..##........#
##..#'#.5##...5....#
#.............######
#....$........# #
#.####...###### #.
#.# ##### #.. #H#


You could see a wyvern, a wight and a crimson imp.

Vanquished Creatures
  3 hippogriffs
  Sigmund (D:3)
  Eustachio (D:6)
  2 hogs (D:7)
  2 yaks (D:7)
  A human (D:7)
  A hungry ghost (D:8)
  A porcupine (D:5)
  An ice beast (D:7)
  2 orc warriors
  A sky beast (D:6)
  2 ogres (D:7)
  4 centaurs
  A big kobold (D:7)
  6 bullfrogs
  A water moccasin zombie (D:6)
  7 wights
  2 howler monkeys
  2 crimson imps
  A centaur zombie (D:7)
  A bullfrog zombie (D:8)
  3 centaur skeletons
  5 hounds
  A jelly (D:6)
  6 orc priests
  An iguana (D:4)
  Jessica (D:3)
  Natasha (thrice) (D:3)
  9 orc wizards
  11 worker ants
  3 hound skeletons
  4 gnolls (D:4)
  12 adders
  A howler monkey skeleton (D:7)
  2 shadow imps
  2 oozes
  3 adder skeletons
  An adder zombie (D:6)
  2 worms
  A dart slug (D:1)
  4 leopard geckos
  50 orcs
  3 giant cockroaches
  2 gnoll zombies (D:3)
  12 goblins
  7 hobgoblins
  8 jackals (D:5)
  20 kobolds
  3 quokkas
  A ball python (D:4)
  2 bats
  3 frilled lizards
  A giant cockroach zombie (D:6)
  8 rats
238 creatures vanquished.

Vanquished Creatures (others)
  A plant (D:8)
1 creature vanquished.

Grand Total: 239 creatures vanquished

Notes
Turn   | Place    | Note
-------+----------+-------------------------------------------
     0 | D:1      | rubinko the Mummy Arcane Marksman began the quest for the Orb.
     0 | D:1      | Reached XP level 1. HP: 15/15 MP: 2/2
   462 | D:1      | Reached XP level 2. HP: 21/21 MP: 0/4
  1037 | D:1      | Learned a level 2 spell: Slow
  1084 | D:1      | Reached skill level 2 in Fighting
  1221 | D:1      | Reached XP level 3. HP: 27/27 MP: 1/5
  1817 | D:2      | Found a hazy altar of Hepliaklqana.
  1897 | D:2      | Found a sacrificial altar of Ru.
  1897 | D:2      | Found a snail-covered altar of Cheibriados.
  2694 | D:3      | Noticed Natasha
  2704 | D:3      | Killed Natasha
  2704 | D:3      | Reached skill level 3 in Fighting
  2704 | D:3      | Reached XP level 4. HP: 10/35 MP: 3/6
  2840 | D:3      | Noticed Natasha
  2933 | D:3      | Killed Natasha
  3006 | D:3      | Noticed Natasha
  3015 | D:3      | Killed Natasha
  3015 | D:3      | Reached skill level 4 in Fighting
  3166 | D:3      | Reached XP level 5. HP: 42/42 MP: 7/7
  3169 | D:3      | Noticed Sigmund
  3610 | D:4      | Found a staircase to the Ecumenical Temple.
  3616 | Temple   | Entered the Ecumenical Temple
  4086 | D:3      | Noticed Jessica
  4099 | D:3      | Killed Jessica
  4099 | D:3      | Reached XP level 6. HP: 45/48 MP: 8/11
  4278 | D:3      | Found a basalt altar of Yredelemnul.
  4335 | D:3      | Killed Sigmund
  4335 | D:3      | Reached skill level 5 in Fighting
  5215 | D:4      | Reached skill level 6 in Fighting
  5215 | D:4      | Reached XP level 7. HP: 40/58 MP: 7/12
  6355 | D:4      | Reached skill level 1 in Shields
  6818 | D:5      | Entered Level 5 of the Dungeon
  7043 | D:5      | Found a stormy altar of Qazlal.
  7065 | D:5      | Found a white marble altar of Elyvilon.
  7469 | D:5      | Noticed Blork the orc
  7471 | D:5      | Noticed Blork
  7471 | D:5      | Blork the orc changed into Blork the porcupine
  7478 | D:5      | Killed Blork the porcupine
  7478 | D:5      | Reached XP level 8. HP: 35/64 MP: 11/13
  9225 | D:6      | Noticed Eustachio
  9253 | D:6      | Killed Eustachio
  9253 | D:6      | Reached skill level 5 in Throwing
 10158 | D:6      | Reached XP level 9. HP: 69/69 MP: 10/14
 10358 | D:6      | Found a bloodstained altar of Trog.
 11458 | D:7      | Reached skill level 7 in Fighting
 11974 | D:7      | Reached skill level 8 in Fighting
 12154 | D:7      | Identified a scroll of acquirement
 12456 | D:6      | Reached skill level 9 in Fighting
 12817 | D:7      | Reached XP level 10. HP: 50/83 MP: 15/15
 13234 | D:8      | Found a deep blue altar of Sif Muna.
 13235 | D:8      | Found an opulent altar of Gozag.
 13260 | D:8      | Became a worshipper of Gozag Ym Sagoz the Greedy
 13608 | D:7      | Reached skill level 10 in Fighting
 13929 | D:8      | Found an iron altar of Okawaru.
 14825 | D:8      | Slain by a wyvern

Skill      XL: |  1  2  3  4  5  6  7  8  9 10 |
---------------+-------------------------------+-----
Fighting       | 2 3 4 6 9 10 | 10.4
Spellcasting   | 3 |  3.7
Hexes          | 3 |  3.3
Throwing       | 3 6 7 |  7.6
Shields        | 3 4 |  4.4
Maces & Flails | |  0.8
Dodging        | |  1.7

Action                   |  1- 3 |  4- 6 |  7- 9 | 10-12 || total
-------------------------+-------+-------+-------+-------++-------
Melee: Unarmed           |     3 |       |       |       ||     3
       Whip              |    13 |       |       |       ||    13
       Mace              |     3 |       |       |       ||     3
       Dagger            |    63 |   126 |   588 |   128 ||   905
 Fire: Blowgun           |       |       |    16 |    17 ||    33
Throw: Stone             |    88 |     5 |    41 |       ||   134
       Javelin           |     3 |       |     1 |       ||     4
       Throwing net      |     1 |       |       |       ||     1
 Cast: Corona            |    56 |    15 |    74 |     2 ||   147
       Slow              |     4 |     9 |    71 |    23 ||   107
Invok: Potion Petition   |       |       |       |     1 ||     1
Evoke: Wand              |       |     4 |     3 |     1 ||     8
  Use: Scroll            |       |     3 |     6 |     3 ||    12
Armor: Robe              |    21 |    10 |    24 |       ||    55
       Ring mail         |     2 |    14 |       |       ||    16
       Leather armour    |       |       |    56 |    39 ||    95
Dodge: Dodged            |    79 |    66 |   300 |   108 ||   553
Block: Buckler           |       |       |   106 |    31 ||   137
